Map: Eternal Empire LE

Players

LiquidMaNa (MaNa)

  • Race: Protoss Protoss
  • Spawn Location: 7:00

True - Winner!

  • Race: Zerg Zerg
  • Spawn Location: 1:00

Event: StayAtHomestory Cup #1

VOD

Have the link to the VOD?

Description

Time

  • Played on: April 10, 2020, 6:32 a.m.
  • Length: 9:24

All games in this series

Show
View Real Time Build Order
Export as new Build Order

LiquidMaNa Protoss 

Build Orders: 1 Gate Expand, Oracle Opening, Zealot Archon 

Get SALT Encoding   

  12  0:00  Probe  
  13  0:12  Probe  
  14  0:18  Pylon  
  14  0:24  Probe (Chrono Boost)  
  15  0:37  Probe (Chrono Boost)  
  15  0:39  Gateway  
  16  0:44  Probe (Chrono Boost)  
  16  0:47  Assimilator  
  17  0:51  Probe  
  18  1:03  Probe (Chrono Boost)  
  19  1:13  Probe (Chrono Boost)  
  19  1:18  Probe (Chrono Boost)  
  21  1:28  Nexus  
  21  1:38  Cybernetics Core  
  21  1:41  Probe  
  22  1:48  Assimilator  
  22  1:54  Pylon  
  22  1:56  Probe  
  23  2:12  Probe  
  23  2:15  Stargate  
  26  2:20  Warp Gate  
  26  2:24  Probe (Chrono Boost)  
  26  2:27  Adept  
  27  2:36  Probe (Chrono Boost)  
  28  2:43  Probe x2 (Chrono Boost)  
  30  2:50  Probe  
  30  2:51  Probe  
  30  2:55  Oracle (Chrono Boost)  
  30  2:57  Adept  
  37  3:02  Probe  
  37  3:04  Probe  
  39  3:12  Gateway  
  39  3:14  Probe  
  39  3:16  Probe, Pylon  
  41  3:25  Oracle (Chrono Boost)  
  41  3:27  Probe  
  45  3:28  Probe  
  46  3:35  Pylon  
  46  3:39  Probe  
  46  3:40  Probe  
  48  3:46  Pylon  
  48  3:51  Probe  
  48  3:52  Probe  
  50  3:56  Pylon  
  50  3:58  Oracle (Chrono Boost)  
  53  4:03  Probe  
  53  4:04  Probe  
  53  4:08  Adept x2  
  59  4:16  Nexus  
  59  4:20  Shield Battery  
  59  4:23  Probe x2  
  61  4:25  Assimilator  
  61  4:28  Assimilator  
  61  4:33  Robotics Facility  
  61  4:35  Probe x2  
  63  4:47  Probe x2  
  62  4:59  Probe  
  64  5:00  Probe, Forge, Twilight Council  
  64  5:11  Gateway  
  64  5:12  Probe x2, Gateway  
  66  5:15  Gateway  
  66  5:17  Gateway  
  66  5:20  Observer (Chrono Boost)  
  67  5:24  Probe  
  67  5:28  Probe x2, Pylon  
  70  5:29  Sentry  
  70  5:33  Charge  
  72  5:35  Protoss Ground Weapons Level 1 (Chrono Boost)  
  72  5:43  Warp Prism  
  72  5:45  Templar Archives  
  72  5:47  Gateway  
  74  5:51  Gateway  
  74  5:52  Probe  
  74  5:54  Probe x2  
  77  6:09  Zealot x4  
  77  6:10  Probe  
  86  6:11  Probe x2  
  86  6:13  Assimilator  
  86  6:17  Assimilator  
  86  6:18  Pylon  
  88  6:26  Pylon  
  88  6:27  Pylon  
  88  6:28  Probe x2  
  88  6:29  Pylon  
  90  6:35  High Templar x4  
  90  6:36  Zealot x2  
  90  6:38  Probe  
  90  6:39  Archon x2  
  103  6:40  Probe  
  102  6:58  Zealot x2  
  104  7:01  Zealot x2  
  104  7:08  Zealot x4  
  115  7:21  Cybernetics Core  
  115  7:27  Probe x2  
  101  7:33  High Templar x6  
  101  7:34  Zealot x2  
  117  7:38  Archon x3  
  117  7:41  Phoenix  
  117  7:43  Photon Cannon  
  107  7:44  Photon Cannon  
  107  7:45  Photon Cannon  
  107  7:46  Photon Cannon  
  107  7:51  Photon Cannon  
  107  7:52  Photon Cannon  
  105  8:02  Photon Cannon  
  105  8:04  Photon Cannon  
  105  8:05  Zealot x3  
  101  8:06  Zealot x3  
  101  8:11  High Templar  
  101  8:12  High Templar  
  97  8:17  Archon  
  67  8:34  Zealot  
  67  8:35  Zealot x3  
  71  8:46  High Templar x2  
  71  8:52  Archon  
Show
View Real Time Build Order
Export as new Build Order

True Zerg - Winner!

Build Orders: Hatch First 

Get SALT Encoding   

  12  0:00  Drone  
  13  0:12  Overlord  
  13  0:17  Drone  
  14  0:31  Drone x2  
  16  0:49  Hatchery  
  15  0:52  Drone  
  15  0:55  Drone  
  17  1:10  Spawning Pool  
  16  1:12  Drone  
  16  1:17  Drone  
  18  1:19  Drone  
  19  1:30  Drone  
  19  1:32  Extractor  
  19  1:45  Hatchery  
  18  1:48  Drone  
  18  1:51  Drone  
  20  2:01  Drone x2  
  22  2:08  Queen  
  24  2:16  Queen  
  24  2:21  Drone  
  27  2:24  Overlord  
  27  2:28  Zergling x2  
  28  2:43  Drone x4  
  32  2:44  Drone  
  32  2:45  Queen  
  35  2:56  Queen  
  37  3:00  Drone x3  
  37  3:05  Drone x2  
  42  3:13  Overlord  
  42  3:18  Overlord  
  42  3:31  Queen x2  
  42  3:32  Drone x3  
  42  3:33  Drone  
  50  3:37  Drone x3  
  53  3:44  Queen  
  53  3:45  Drone  
  56  3:48  Overlord  
  56  3:49  Drone  
  56  3:51  Drone  
  58  3:56  Overlord  
  58  4:01  Overlord  
  58  4:03  Overlord  
  58  4:07  Overlord  
  58  4:08  Drone x4  
  58  4:09  Drone  
  63  4:10  Queen  
  63  4:12  Drone  
  63  4:14  Overlord  
  63  4:16  Drone  
  67  4:21  Drone x3  
  67  4:22  Drone  
  71  4:25  Drone  
  71  4:26  Drone x2  
  71  4:27  Drone  
  75  4:33  Queen  
  77  4:39  Drone x3  
  77  4:51  Lair, Drone  
  77  4:52  Drone x7  
  85  4:54  Extractor  
  85  4:55  Drone x4  
  85  4:56  Extractor  
  85  4:57  Extractor  
  85  4:58  Extractor  
  85  5:00  Extractor, Drone x2  
  85  5:05  Drone  
  86  5:12  Drone x2  
  88  5:17  Metabolic Boost  
  88  5:22  Zergling x6  
  88  5:23  Hatchery  
  88  5:24  Zergling x2  
  88  5:25  Zergling x10  
  88  5:27  Zergling x4  
  88  5:28  Zergling x2  
  99  5:29  Zergling x2  
  99  5:34  Zergling x2  
  99  5:35  Zergling x2  
  102  5:45  Zergling x4  
  102  5:47  Zergling x2  
  102  5:49  Zergling x2  
  106  5:52  Spire  
  106  5:53  Zergling x2  
  106  5:56  Overlord  
  106  5:59  Overlord x5  
  103  6:05  Overseer, Unknown  
  103  6:08  Zergling x4  
  103  6:09  Zergling x4  
  103  6:10  Zergling x4  
  105  6:13  Zergling x2  
  105  6:16  Zergling x2  
  108  6:25  Drone  
  108  6:26  Drone x6  
  108  6:30  Drone, Evolution Chamber  
  108  6:31  Drone  
  108  6:32  Drone x3  
  118  6:49  Hydralisk Den  
  118  6:54  Zergling x26  
  118  6:57  Zerg Missile Weapons Level 1  
  128  7:07  Queen x2  
  128  7:08  Queen  
  130  7:10  Mutalisk x8  
  130  7:14  Mutalisk  
  130  7:15  Mutalisk  
  147  7:18  Mutalisk x2  
  147  7:19  Mutalisk x2  
  147  7:22  Mutalisk  
  156  7:27  Mutalisk  
  150  7:37  Mutalisk  
  150  7:40  Mutalisk  
  148  7:47  Mutalisk, Overlord x3  
  148  7:51  Hatchery  
  149  7:54  Mutalisk  
  149  7:58  Mutalisk  
  149  8:04  Mutalisk  
  153  8:09  Zergling x22  
  153  8:10  Zergling x8  
  153  8:12  Spine Crawler  
  162  8:13  Spine Crawler  
  162  8:14  Spine Crawler  
  162  8:16  Spine Crawler  
  162  8:17  Mutalisk  
  162  8:18  Spine Crawler  
  159  8:24  Mutalisk  
  154  8:31  Mutalisk  
  144  8:40  Mutalisk  
  139  8:48  Mutalisk  
  127  8:49  Zergling x24  
  129  8:58  Zergling x8  
Tags
 
Add a new tag
Caveats
  • Supply blocks, unpowered buildings, or Contaminate may cause inaccurate times.
  • Supply counts are checked every 10 seconds.